 Dungeon Crawl Stone Soup version 0.28-a0-973-ga7f8b01127 (webtiles) character file.

Game seed: 8513574595186294505

28 siradein the Conjurer (level 3, -7/24 HPs)
             Began as a Demonspawn Conjurer on Dec 2, 2021.
             Mangled by Terence (9 damage)
             ... on level 1 of the Dungeon.
             The game lasted 00:02:06 (1255 turns).

siradein the Conjurer (Demonspawn Conjurer)         Turns: 1255, Time: 00:02:06

Health: -7/24      AC:  2    Str:  7    XL:     3   Next: 0%
Magic:  0/6        EV: 12    Int: 21    God:
Gold:   36         SH:  0    Dex: 11    Spells: 3/6 levels left

rFire   . . .      SeeInvis .   d - staff of air
rCold   . . .      Faith    .   (no shield)
rNeg    . . .      Spirit   .   a - +0 robe
rPois   .          Reflect  .   (no helmet)
rElec   +          Harm     .   (no cloak)
rCorr   .          Rampage  .   (no gloves)
Will    .....                   (no boots)
Stlth   ++........              (no amulet)
HPRegen 0.08/turn               (no ring)
MPRegen 0.10/turn               (no ring)

@: no status effects
A: claws 1
a: no special abilities


You were on level 1 of the Dungeon.
You visited 1 branch of the dungeon, and saw 2 of its levels.

You collected 36 gold pieces.

Inventory:

Armour
 a - a +0 robe (worn)
Magical Staves
 d - a staff of air (weapon)
Potions
 b - 3 potions of heal wounds {unknown}


   Skills:
 + Level 2.3 Dodging
 - Level 1.7 Stealth
 + Level 2.4 Spellcasting
 + Level 4.3 Conjurations


You had 3 spell levels left.
You knew the following spells:

 Your Spells              Type           Power      Damage    Failure   Level
a - Magic Dart            Conj           80%        1d7       2%          1
b - Searing Ray           Conj           40%        2d5       3%          2

Your spell library contained the following spells:

 Spells                   Type           Power      Damage    Failure   Level
 Dazzling Flash           Conj/Hex       22%        N/A       17%         3
 Fulminant Prism          Conj/Hex       5%         3d7       50%         4
 Iskenderun's Mystic Bla  Conj/Tloc      11%        2d4       50%         4


Dungeon Overview and Level Annotations

Branches:
Dungeon (2/15)

Altars:

Annotations:
D:1 Terence


Innate Abilities, Weirdness & Mutations

You have sharp fingernails.


Message History

Level annotation: Terence The goblin hits you with a +0 dagger.
There is a stone staircase leading up, spattered with blood here.
Aiming: Magic Dart (safe; 2% risk of failure)
Press: ? - help, Q - select action, (/) - cycle Shift-Dir - straight line, f - goblin
Aim: a goblin, wielding a +0 dagger (100% to hit)
The magic dart hits the goblin.
The goblin is moderately wounded.
The kobold shouts!
The goblin hits you with a +0 dagger. Terence hits you with a +0 falchion!
The goblin hits you with a +0 dagger.
* * * LOW HITPOINT WARNING * * *
You climb upwards.
There is a stone staircase leading down here.
Terence barely misses you.
Casting: Magic Dart (safe; 2% risk of failure)
Confirm with . or Enter, or press ? or * to list all spells.
Aiming: Searing Ray (safe; 4% risk of failure)
Press: ? - help, Shift-Dir - straight line, f - Terence
Aim: Terence, wielding a +0 falchion and wearing a +0 ring mail of poison resistance (81% to hit)
The searing ray hits the goblin.
You kill the goblin!
The searing ray hits Terence!
Terence is moderately wounded. (Press . to maintain the ray.)
You have reached level 3!
Your experience leads to an increase in your attributes!
Increase (S)trength, (I)ntelligence, or (D)exterity?
You feel clever. x2
The searing ray hits Terence.
Terence is heavily wounded.
The searing ray hits Terence!
Terence is almost dead.
Terence hits you with a +0 falchion.
* * * LOW HITPOINT WARNING * * *
The searing ray misses Terence.
You finish channelling your searing ray.
Terence shouts, "DIE!!!"
Terence hits you with a +0 falchion!
You die...

#........#.# ####.....#
......####.# #........#####
...........# #......###....
...##.###..# #......# #....
...##...#..# #......# #....
........#..# #......# #...)
.########..# #......# #....
.#.........#########......###....
(..............@@..'.............
.#.#################.......#.##..
.#.##...................##.#.##..
.#..##.................##..#.##..
.#...##..8..##'##..8..##...#.##..
.#....##...##...##...##....#.##..
.#.....#####.....#####.....#.##..
.#............<............#.##..
.##.......................##.##..


You could see Terence.

Vanquished Creatures
  2 dart slugs (D:1)
  2 bats (D:1)
  4 endoplasms (D:1)
  2 goblins (D:1)
  2 hobgoblins (D:1)
  4 kobolds
  A quokka (D:1)
  4 frilled lizards (D:1)
  A rat (D:1)
22 creatures vanquished.

Notes
Turn   | Place    | Note
-------+----------+-------------------------------------------
     0 | D:1      | siradein the Demonspawn Conjurer began the quest for the
                  | Orb.
     0 | D:1      | Reached XP level 1. HP: 13/13 MP: 3/3
   127 | D:1      | Found a faded altar of an unknown god.
   392 | D:1      | Gained mutation: You have sharp fingernails. [demonic
                  | ancestry]
   392 | D:1      | Reached XP level 2. HP: 19/19 MP: 3/5
   395 | D:1      | Learned a level 2 spell: Searing Ray
  1150 | D:2      | Noticed Terence
  1253 | D:1      | Reached XP level 3. HP: 7/24 MP: 3/6
  1255 | D:1      | Mangled by Terence

Illustrated notes

Levels and vault maps discovered:
D:1:      giann_horns, layout_basic, dreamdust_ecumenical_altar_statues
D:2:      layout_rooms, basic_altar, uniq_terence

Skill      XL: |  1 |
---------------+----+-----
Dodging        | 2 |  2.3
Stealth        | |  1.7
Spellcasting   | |  2.4
Conjurations   | |  4.3

Action                   || total
-------------------------++-------
 Cast: Magic Dart        ||    45
       Searing Ray       ||     1
Dodge: Dodged            ||     6

Table legend: (Time is in decaauts)
 A = Elapsed time spent in this place.
 B = Non-inter-level travel time spent in this place.
 C = Inter-level travel time spent in this place.
 D = Time resting spent in this place.
 E = Time spent auto-exploring this place.
 F = Levels seen in this place.
 G = Mean time per level.
                   A        B        C        D        E       F      G
               +--------+--------+--------+--------+--------+-----+--------+
         Total |   1256 |   1235 |     21 |    122 |    935 |   2 |  628.0 |
       Dungeon |   1256 |   1235 |     21 |    122 |    935 |   2 |  628.0 |
               +--------+--------+--------+--------+--------+-----+--------+

Top non-repeatable levels by time:
     D:1: 1246 daAuts
     D:2: 9 daAuts
